 Dungeon Crawl Stone Soup version 0.29-a0-668-g12ee2bf84d (webtiles) character file.

Game seed: 167811970376813727

24 purpskrrrp the Cudgeller (level 3, -4/16 (26) HPs)
             Began as a Meteoran Wanderer on June 23, 2022.
             Slain by a gnoll
             ... wielding a +0 spear
              (6 damage)
             ... on level 2 of the Dungeon.
             The game lasted 00:04:15 (727 turns).

purpskrrrp the Cudgeller (Meteoran Wanderer)         Turns: 727, Time: 00:04:16

HP:   -4/16 (26)    AC:  3    Str: 13    XL:     3   Next: 32%
MP:   9/9           EV: 11    Int: 15    God:
Gold: 59            SH:  0    Dex: 14    Spells: 9/10 levels left

rFire   . . .      SeeInvis .   a - +0 mace
rCold   . . .      Faith    .   (no shield)
rNeg    . . .      Spirit   .   d - +0 robe
rPois   .          Reflect  .   (no helmet)
rElec   .          Harm     .   (no cloak)
rCorr   .          Rampage  .   (no gloves)
Will    .....                   b - +0 pair of boots
Stlth   +.........              (no amulet)
HPRegen 0.05/turn               (no ring)
MPRegen 0.11/turn               (no ring)

@: glowing, very heavily drained
A: sense surroundings 1, otherworldly, glowing, explore regen
a: no special abilities


You were on level 2 of the Dungeon.
You visited 1 branch of the dungeon, and saw 2 of its levels.

You collected 59 gold pieces.

Inventory:

Hand Weapons
 a - a +0 mace (weapon)
Armour
 b - a +0 pair of boots (worn)
 d - a +0 robe (worn)
Scrolls
 c - a scroll of vulnerability
 g - a scroll of noise
Potions
 e - a potion of brilliance {unknown}
 f - a potion of lignification {unknown}


   Skills:
 + Level 0.2 Fighting
 + Level 4.6 Maces & Flails
 + Level 2.3 Stealth
 + Level 4.4 Spellcasting
 + Level 0.2 Conjurations


You had 9 spell levels left.
You knew the following spells:

 Your Spells              Type           Power      Damage    Failure   Level
a - Magic Dart            Conj           16%        1d3       16%         1

Your spell library contained the following spells:

 Spells                   Type           Power      Damage    Failure   Level
 Sting                    Tmut/Pois      12%        1d3       17%         1
 Ensorcelled Hibernation  Hex/Ice        6%         N/A       26%         2
 Poisonous Vapours        Pois/Air       6%         N/A       26%         2
 Confusing Touch          Hex            3%         N/A       45%         3
 Frozen Ramparts          Ice            6%         1d2       45%         3
 Olgreb's Toxic Radiance  Pois           3%         N/A       86%         4
 Passage of Golubria      Tloc           3%         N/A       86%         4
 Silence                  Hex/Air        1%         N/A       99%         5
 Lehudib's Crystal Spear  Conj/Erth      1%         10d2      100%        8


Dungeon Overview and Level Annotations

Branches:
Dungeon (2/15) Zot: 661

Altars:


Innate Abilities, Weirdness & Mutations

You passively map a small area around you.
You are easily found by Zot.
You glow in the dark.
You regain HP and MP as you explore.


Message History

* * * LOW HITPOINT WARNING * * *
The hobgoblin attacks as you move away! The hobgoblin closely misses you.
You see here a rat corpse.
You hit the hobgoblin.
The hobgoblin is almost dead.
The hobgoblin hits you but does no damage.
You hit the hobgoblin.
You kill the hobgoblin!
You start waiting.
A gnoll comes into view. It is wielding a +0 flail.
A gnoll is nearby!
You start waiting.
A gnoll is nearby!
You start waiting.
A gnoll comes into view. It is wielding a +0 spear.
Found a flail.
A gnoll comes into view. It is wielding a +0 flail.
The gnoll shouts!
The gnoll throws a stone.
The stone hits you.
Aiming: Magic Dart (safe; 16% risk of failure)
Press: ? - help, Q - select action Shift-Dir - straight line, f - gnoll
Aim: a gnoll, wielding a +0 spear and quivering a throwing net (wandering, hasn't noticed you, 100% to hit)
You miscast Magic Dart.
You are very lightly contaminated with residual magic.
Nothing appears to happen.
The gnoll shouts!
You hear a shout!
The gnoll throws a throwing net.
The throwing net hits you.
You become entangled in the net!
You tear a large gash into the net.
You struggle against the net.
You shred the net and break free! The gnoll closely misses you.
The gnoll hits you with a +0 spear.
Your magical contamination has completely faded away.
You closely miss the gnoll. The gnoll hits you with a +0 spear!
* * * LOW HITPOINT WARNING * * *
You hit the gnoll.
The gnoll is lightly wounded.
The gnoll hits you with a +0 spear.
You die...

* .>...### , ,,
.......###** ,. ,
........##,,... ,
,....#..##.... ,
#######..........,
#......<.†.### * *
* #........#...###
#........##....#
#........###@#.# *
* .........#
#g#,..,, * ,
.........# #g# .#
* ..........,.g.,
# ...............,
* , ..).... * , ,
, .....#...
...##.#.... , ,
.... #.###... , ,


You could see 3 gnolls.

Vanquished Creatures
  A dart slug (D:1)
  4 endoplasms (D:1)
  A giant cockroach (D:1)
  3 goblins (D:1)
  A hobgoblin (D:2)
  A quokka (D:1)
  3 ball pythons (D:1)
  2 bats (D:1)
  A frilled lizard (D:1)
  4 rats
21 creatures vanquished.

Notes
Turn   | Place    | Note
-------+----------+-------------------------------------------
     0 | D:1      | purpskrrrp the Meteoran Wanderer began the quest for the
                  | Orb.
     0 | D:1      | purpskrrrp set off with the following items: a +0 mace, a
                  | +0 pair of boots, a scroll of vulnerability, a +0 robe; and
                  | the following spell memorised: Magic Dart; and the
                  | following spells available to memorise: Ensorcelled
                  | Hibernation, Confusing Touch, Frozen Ramparts.
     0 | D:1      | Reached XP level 1. HP: 14/14 MP: 6/6
    96 | D:1      | Reached XP level 2. HP: 20/20 MP: 8/8
   493 | D:1      | Glimpsed the power of Zot.
   512 | D:1      | Reached XP level 3. HP: 18/26 MP: 9/9
   543 | D:1      | Glimpsed the power of Zot.
   581 | D:1      | Glimpsed the power of Zot.
   590 | D:1      | Glimpsed the power of Zot.
   591 | D:1      | Touched by the power of Zot.
   727 | D:2      | Slain by a gnoll

Illustrated notes

Levels and vault maps discovered:
D:1:      dpeg_arrival_erosion, layout_basic, serial_shops,
          nicolae_lakefront_shop, nrook_uturn
D:2:      layout_rooms, hellmonk_ecumenical_altar_zigzags

Action                   || total
-------------------------++-------
Melee: Mace              ||    60
 Cast: Magic Dart        ||     7
  Use: Scroll            ||     1
Armor: Robe              ||    25
Dodge: Dodged            ||    20

Table legend: (Time is in decaauts)
 A = Elapsed time spent in this place.
 B = Non-inter-level travel time spent in this place.
 C = Inter-level travel time spent in this place.
 D = Time resting spent in this place.
 E = Time spent auto-exploring this place.
 F = Levels seen in this place.
 G = Mean time per level.
                   A        B        C        D        E       F      G
               +--------+--------+--------+--------+--------+-----+--------+
         Total |    737 |    724 |     13 |    346 |    206 |   2 |  368.5 |
       Dungeon |    737 |    724 |     13 |    346 |    206 |   2 |  368.5 |
               +--------+--------+--------+--------+--------+-----+--------+

Top non-repeatable levels by time:
     D:1: 603 daAuts
     D:2: 134 daAuts
